Selects Armored Support Battlegroup
Construct Light Support Kompanie
Selects Superior Fire Drills
Construct Mechanized Kompanie
Panzerjäger Mechanized Group
Selects Flammpanzer III Medium Tank
Flammpanzer III Medium Tank
Panzerjäger Mechanized Group
Marder III Tank Destroyer
Flammpanzer III Medium Tank
Selects Command Panzer IV F Medium Tank
Selects Vehicle Awareness
Command Panzer IV F Medium Tank
Command Panzer IV F Medium Tank
Selects Stuka Anti-tank Loiter
Marder III Tank Destroyer
Panzerjäger Mechanized Group
Marder III Tank Destroyer
Command Panzer IV F Medium Tank